SA
CONNETQUOT CHIEFS @ GALESBURG GUZZLERS
05/05/2024
 
TOP OF THE 1ST
Connetquot Chiefs batting - Pitching for Galesburg Guzzlers : LHP Mike Harris
Pitching: LHP Mike Harris
Batting: RHB David Pérez 0-0: Called Strike
0-1: Called Strike
0-2: Ball
1-2: Ball
2-2: Foul Ball, location: 2F
2-2: Strikes out swinging
Batting: LHB SaQwan Hackett 0-0: Called Strike
0-1: Ground out 6-3 (Groundball, 6MD)
Batting: RHB Arturo Morales 0-0: Ball
1-0: Called Strike
1-1: Ball
2-1: Called Strike
2-2: Strikes out swinging
Top of the 1st over - 0 run(s), 0 hit(s), 0 error(s), 0 left on base; Connetquot 0 - Galesburg 0
BOTTOM OF THE 1ST
Galesburg Guzzlers batting - Pitching for Connetquot Chiefs : LHP Alejandro Ramos
Pitching: LHP Alejandro Ramos
Batting: RHB José Díaz 0-0: Ball
1-0: DOUBLE (Line Drive, 7LS)
Batting: RHB Bubba Blevins 0-0: Ground out 6-3 (Groundball, 56)
Batting: LHB Chris Etheridge 0-0: Ball
1-0: Called Strike
1-1: Ball
2-1: Ground out 6-3 (Groundball, 6)
José Díaz to third
Batting: RHB Javier De Jesús 0-0: Swinging Strike
0-1: Fly out, F7 (Flyball, 78D)
Bottom of the 1st over - 0 run(s), 1 hit(s), 0 error(s), 1 left on base; Connetquot 0 - Galesburg 0
TOP OF THE 2ND
Connetquot Chiefs batting - Pitching for Galesburg Guzzlers : LHP Mike Harris
Batting: RHB José Magana 0-0: Fly out, F8 (Flyball, 8LM)
Batting: RHB Jesús Quintana 0-0: Swinging Strike
0-1: Foul Ball, location: 2F
0-2: Ball
1-2: Strikes out swinging
Batting: SHB Britt Ducker 0-0: Ball
1-0: SOLO HOME RUN (Flyball, 8LXD), Distance : 430 ft
Batting: LHB Cornelius Taitt 0-0: Foul Ball, location: 2F
0-1: Ground out 4-3 (Groundball, 4)
Top of the 2nd over - 1 run(s), 1 hit(s), 0 error(s), 0 left on base; Connetquot 1 - Galesburg 0
BOTTOM OF THE 2ND
Galesburg Guzzlers batting - Pitching for Connetquot Chiefs : LHP Alejandro Ramos
Batting: RHB Tripp Donahue 0-0: Foul Ball, location: 2F
0-1: SOLO HOME RUN (Line Drive, 7D), Distance : 385 ft
Batting: RHB Toussiant L'Ouverture 0-0: Foul Ball, location: 2F
0-1: Ball
1-1: Foul Ball, location: 2F
1-2: Foul Ball, location: 2F
1-2: Ball
2-2: Fly out, F4 (Popup, 3D)
Batting: RHB Gabrio Campoverde 0-0: Ball
1-0: Fly out, F8 (Popup, 8RS)
Batting: RHB Pierre Bernard 0-0: Fly out, F9 (Flyball, 89M)
Bottom of the 2nd over - 1 run(s), 1 hit(s), 0 error(s), 0 left on base; Connetquot 1 - Galesburg 1
TOP OF THE 3RD
Connetquot Chiefs batting - Pitching for Galesburg Guzzlers : LHP Mike Harris
Batting: RHB Dale Quick 0-0: Foul Ball, location: 2F
0-1: Ball
1-1: Foul Ball, location: 2F
1-2: Ball
2-2: Ground out 4-3 (Groundball, 4MS)
Batting: RHB Andrés Gonzáles 0-0: Ball
1-0: Swinging Strike
1-1: Ball
2-1: Ball
3-1: Called Strike
3-2: Ground out 6-3 (Groundball, 6MS)
Batting: RHB David Pérez 0-0: Ball
1-0: Swinging Strike
1-1: Foul Ball, location: 2F
1-2: Ball
2-2: Ground out 6-3 (Groundball, 6)
Top of the 3rd over - 0 run(s), 0 hit(s), 0 error(s), 0 left on base; Connetquot 1 - Galesburg 1
BOTTOM OF THE 3RD
Galesburg Guzzlers batting - Pitching for Connetquot Chiefs : LHP Alejandro Ramos
Batting: RHB Roland Deschain 0-0: Ball
1-0: Foul Ball, location: 2F
1-1: Ball
2-1: Ball
3-1: Called Strike
3-2: Strikes out swinging
Batting: RHB José Díaz 0-0: Ball
1-0: Ground out 1-3 (Groundball, 25)
Batting: RHB Bubba Blevins 0-0: Called Strike
0-1: Ball
1-1: Swinging Strike
1-2: SINGLE (Line Drive, 56D)
Batting: LHB Chris Etheridge 0-0: Ball
1-0: Ball
2-0: SINGLE (Flyball, 78S)
Bubba Blevins to second
Batting: RHB Javier De Jesús 0-0: Called Strike
0-1: Foul Ball, location: 2F
0-2: Ground out 4-3 (Groundball, 34)
Bottom of the 3rd over - 0 run(s), 2 hit(s), 0 error(s), 2 left on base; Connetquot 1 - Galesburg 1
TOP OF THE 4TH
Connetquot Chiefs batting - Pitching for Galesburg Guzzlers : LHP Mike Harris
Batting: LHB SaQwan Hackett 0-0: Swinging Strike
0-1: Swinging Strike
0-2: Strikes out looking
Batting: RHB Arturo Morales 0-0: Ball
1-0: SINGLE (Groundball, 6D)
Batting: RHB José Magana 0-0: Foul Ball, location: 2F
0-1: Ball
1-1: Called Strike
1-2: SINGLE (Groundball, 4D)
Arturo Morales to second
Runner from 2nd tries for 3rd, SAFE, no throw or cutoff
Batting: RHB Jesús Quintana 0-0: Ball
1-0: SINGLE (Line Drive, 34D)
Arturo Morales scores
José Magana to second
Batting: SHB Britt Ducker 0-0: Ball
1-0: Grounds into double play, 1-4-3 (Groundball, 13)
Top of the 4th over - 1 run(s), 3 hit(s), 0 error(s), 1 left on base; Connetquot 2 - Galesburg 1
BOTTOM OF THE 4TH
Galesburg Guzzlers batting - Pitching for Connetquot Chiefs : LHP Alejandro Ramos
Batting: RHB Tripp Donahue 0-0: Ground out 6-3 (Groundball, 6M)
Batting: RHB Toussiant L'Ouverture 0-0: Ball
1-0: Foul Ball, location: 2F
1-1: Ball
2-1: Foul Ball, location: 2F
2-2: Foul Ball, location: 2F
2-2: Strikes out swinging
Batting: RHB Gabrio Campoverde 0-0: Ball
1-0: Called Strike
1-1: Fly out, F9 (Flyball, 89M)
Bottom of the 4th over - 0 run(s), 0 hit(s), 0 error(s), 0 left on base; Connetquot 2 - Galesburg 1
TOP OF THE 5TH
Connetquot Chiefs batting - Pitching for Galesburg Guzzlers : LHP Mike Harris
Batting: LHB Cornelius Taitt 0-0: Ball
1-0: Ground out 3-1 (Groundball, 34)
Batting: RHB Dale Quick 0-0: Foul Ball, location: 2F
0-1: Foul Ball, location: 2F
0-2: Ball
1-2: Ball
2-2: Fly out, F8 (Line Drive, 8LM)
Batting: RHB Andrés Gonzáles 0-0: Foul Ball, location: 2F
0-1: Swinging Strike
0-2: Ball
1-2: Strikes out swinging
Top of the 5th over - 0 run(s), 0 hit(s), 0 error(s), 0 left on base; Connetquot 2 - Galesburg 1
BOTTOM OF THE 5TH
Galesburg Guzzlers batting - Pitching for Connetquot Chiefs : LHP Alejandro Ramos
Batting: RHB Pierre Bernard 0-0: Called Strike
0-1: Swinging Strike
0-2: Foul Ball, location: 2F
0-2: Ball
1-2: Ground out 4-3 (Groundball, 4M)
Batting: RHB Roland Deschain 0-0: Ball
1-0: Called Strike
1-1: Swinging Strike
1-2: Ball
2-2: Ground out 5-3 (Groundball, 56)
Batting: RHB José Díaz 0-0: Fly out, F7 (Flyball, 7LM)
Bottom of the 5th over - 0 run(s), 0 hit(s), 0 error(s), 0 left on base; Connetquot 2 - Galesburg 1
TOP OF THE 6TH
Connetquot Chiefs batting - Pitching for Galesburg Guzzlers : LHP Mike Harris
Batting: RHB David Pérez 0-0: Ball
1-0: Ball
2-0: Ball
3-0: Called Strike
3-1: Base on Balls
Batting: LHB SaQwan Hackett 0-0: Sac Bunt - play at first, batter OUT! 1-4
David Pérez to second
Batting: RHB Arturo Morales 0-0: Intentional Walk
Batting: RHB José Magana 0-0: Ball
1-0: Fly out, F8 (Flyball, 89XD)
Runner from 2nd tags up, SAFE at 3rd, no throw
Batting: RHB Jesús Quintana 0-0: Called Strike
0-1: Ball
1-1: Swinging Strike
1-2: Ground out 6-3 (Groundball, 6)
Top of the 6th over - 0 run(s), 0 hit(s), 0 error(s), 2 left on base; Connetquot 2 - Galesburg 1
BOTTOM OF THE 6TH
Galesburg Guzzlers batting - Pitching for Connetquot Chiefs : LHP Alejandro Ramos
Batting: RHB Bubba Blevins 0-0: Swinging Strike
0-1: Swinging Strike
0-2: Foul Ball, location: 2F
0-2: Foul Ball, location: 2F
0-2: Ball
1-2: Strikes out swinging
Batting: LHB Chris Etheridge 0-0: Ball
1-0: Called Strike
1-1: Called Strike
1-2: Strikes out swinging
Batting: RHB Javier De Jesús 0-0: Called Strike
0-1: Called Strike
0-2: Fly out, F3 (Popup, 34S)
Bottom of the 6th over - 0 run(s), 0 hit(s), 0 error(s), 0 left on base; Connetquot 2 - Galesburg 1
TOP OF THE 7TH
Connetquot Chiefs batting - Pitching for Galesburg Guzzlers : LHP Mike Harris
Batting: SHB Britt Ducker 0-0: Ground out 6-3 (Groundball, 6)
Batting: LHB Cornelius Taitt 0-0: Foul Ball, location: 2F
0-1: Ball
1-1: Ball
2-1: Called Strike
2-2: Foul Ball, location: 2F
2-2: Strikes out swinging
Batting: RHB Dale Quick 0-0: Called Strike
0-1: Ball
1-1: Swinging Strike
1-2: Ball
2-2: Strikes out swinging
Top of the 7th over - 0 run(s), 0 hit(s), 0 error(s), 0 left on base; Connetquot 2 - Galesburg 1
BOTTOM OF THE 7TH
Galesburg Guzzlers batting - Pitching for Connetquot Chiefs : LHP Alejandro Ramos
Batting: RHB Tripp Donahue 0-0: Ball
1-0: Ball
2-0: Fly out, F8 (Line Drive, 8LM)
Batting: RHB Toussiant L'Ouverture 0-0: Called Strike
0-1: Ball
1-1: Ball
2-1: Called Strike
2-2: Foul Ball, location: 2F
2-2: Fly out, F9 (Flyball, 89M)
Batting: RHB Gabrio Campoverde 0-0: Ground out 4-3 (Groundball, 34)
Bottom of the 7th over - 0 run(s), 0 hit(s), 0 error(s), 0 left on base; Connetquot 2 - Galesburg 1
TOP OF THE 8TH
Connetquot Chiefs batting - Pitching for Galesburg Guzzlers : LHP Mike Harris
Batting: RHB Andrés Gonzáles 0-0: Fly out, F5 (Popup, 56S)
Batting: RHB David Pérez 0-0: Ball
1-0: Called Strike
1-1: TRIPLE (Line Drive, 8RM)
Batting: LHB SaQwan Hackett 0-0: Ball
1-0: Called Strike
1-1: Swinging Strike
1-2: Foul Ball, location: 2F
1-2: Reached on error, E6 (Groundball, 6M)
David Pérez scores
Batting: RHB Arturo Morales 0-0: Intentional Walk
Batting: RHB José Magana 0-0: Called Strike
0-1: Foul Ball, location: 2F
0-2: Foul Ball, location: 2F
0-2: Ball
1-2: Strikes out swinging
Pitching: RHP Ernst Chia
Pinch Hitting: RHB Fred Burt 0-0: Ball
1-0: Called Strike
1-1: Ball
2-1: Ball
3-1: Base on Balls
SaQwan Hackett to third
Arturo Morales to second
Batting: SHB Britt Ducker 0-0: Ball
1-0: Ground out U3 (Groundball, 3S)
Top of the 8th over - 1 run(s), 1 hit(s), 1 error(s), 3 left on base; Connetquot 3 - Galesburg 1
BOTTOM OF THE 8TH
Galesburg Guzzlers batting - Pitching for Connetquot Chiefs : LHP Alejandro Ramos
Now at SS: Fernando Mendoza
Batting: RHB Pierre Bernard 0-0: SINGLE (Line Drive, 89S)
Batting: RHB Roland Deschain 0-0: Fly out, F7 (Flyball, 78M)
Batting: RHB José Díaz 0-0: Ball
1-0: Called Strike
1-1: Ball
2-1: Called Strike
2-2: SINGLE (Line Drive, 5)
Pierre Bernard to second
Batting: RHB Bubba Blevins 0-0: DOUBLE (Groundball, 5L)
Pierre Bernard scores
José Díaz to third
Pinch Hitting: RHB Frank Crocker 0-0: Ball
1-0: Ball
2-0: Ball
3-0: Called Strike
3-1: Base on Balls
Batting: RHB Javier De Jesús 0-0: Called Strike
0-1: Ball
1-1: Ball
2-1: Foul Ball, location: 2F
2-2: Ball
3-2: Base on Balls
José Díaz scores
Bubba Blevins to third
Frank Crocker to second
Batting: RHB Tripp Donahue 0-0: Called Strike
0-1: Fly out, F8 (Flyball, 8LD)
Runner from 3rd tags up, SCORES, no throw
Batting: RHB Toussiant L'Ouverture 0-0: Called Strike
0-1: Foul Ball, location: 2F
0-2: Ball
1-2: Strikes out swinging
Bottom of the 8th over - 3 run(s), 3 hit(s), 0 error(s), 2 left on base; Connetquot 3 - Galesburg 4
TOP OF THE 9TH
Connetquot Chiefs batting - Pitching for Galesburg Guzzlers : RHP Ernst Chia
Pitching: LHP Carlos Casas
Now at 2B: Frank Crocker
Now at 3B: Fernando Rivera
Now in LF: Gabriel Díaz
Pinch Hitting: RHB Tim Taylor 0-0: Called Strike
0-1: DOUBLE (Line Drive, 78M)
Pinch Hitting: RHB Pablo Ledesma 0-0: Ball
1-0: Foul Ball, location: 2F
1-1: Ball
2-1: Ball
3-1: Base on Balls
Pinch Runner at 2nd Josh Sanders:
Batting: RHB Andrés Gonzáles 0-0: Sac Bunt - play at first, batter OUT! 5-4
Josh Sanders to third
Pablo Ledesma to second
Batting: RHB David Pérez 0-0: Ball
1-0: Swinging Strike
1-1: Ball
2-1: Foul Ball, location: 2F
2-2: SINGLE (Groundball, 6MD)
Josh Sanders scores
Pablo Ledesma to third
Runner from 3rd tries for Home, SAFE, throw made home
David Pérez to second
Batting: LHB SaQwan Hackett 0-0: Ball
David Pérez is caught stealing 3rd base
1-0: Called Strike
1-1: Foul Ball, location: 2F
1-2: Ball
2-2: Foul Ball, location: 2F
2-2: SINGLE (Groundball, 4MD)
Batting: RHB Arturo Morales 0-0: Called Strike
0-1: Ball
1-1: Ground out 5-3 (Groundball, 56S)
Top of the 9th over - 2 run(s), 3 hit(s), 0 error(s), 1 left on base; Connetquot 5 - Galesburg 4
BOTTOM OF THE 9TH
Galesburg Guzzlers batting - Pitching for Connetquot Chiefs : LHP Alejandro Ramos
Pitching: LHP Mario Hurrado
Now in CF: Sheldon Deshotels
Now in RF: Josh Sanders
Pinch Hitting: RHB Meka Knight 0-0: Swinging Strike
0-1: Ball
1-1: Ball
2-1: Ball
3-1: Base on Balls
Batting: RHB Pierre Bernard 0-0: Bunted foul
0-1: Sac Bunt - play at second, runner OUT! 3-6
Pinch Hitting: RHB Grady Walkinshaw 0-0: Ball
1-0: Ball
2-0: Ball
3-0: Base on Balls
Pierre Bernard to second
Pinch Hitting: RHB Javier Vásquez 0-0: Called Strike
0-1: Ball
1-1: Swinging Strike
1-2: Foul Ball, location: 2F
1-2: Ball
2-2: Ball
3-2: Foul Ball, location: 2F
3-2: Base on Balls
Pierre Bernard to third
Grady Walkinshaw to second
Batting: RHB Bubba Blevins 0-0: Called Strike
0-1: Ball
1-1: Grounds into fielders choice 4-2 (Groundball, 4)
Grady Walkinshaw to third
Javier Vásquez to second
Batting: RHB Frank Crocker 0-0: Ball
1-0: Foul Ball, location: 2F
1-1: Ball
2-1: SINGLE (Groundball, 4D)
Grady Walkinshaw scores
Javier Vásquez to third
Bubba Blevins to second
Runner from 3rd tries for Home, SAFE, throw made at trailing runner, OUT at third!
Bottom of the 9th over - 2 run(s), 1 hit(s), 0 error(s), 1 left on base; Connetquot 5 - Galesburg 6
This league is powered by Out of the Park Baseball, the baseball management simulation game for PC, Mac and Linux
Monday, October 3rd, 2016 - OOTP Baseball 16.9 Build 39